 Dungeon Crawl Stone Soup version 0.27-a0-1324-ge0d8e047f6 (webtiles) character file.

Game seed: 2135841862094196510

99 Demosthentine the Poker (level 4, -1/35 HPs)
             Began as a Merfolk Gladiator on June 24, 2021.
             Slain by Grinder (6 damage)
             ... on level 3 of the Dungeon.
             The game lasted 00:02:10 (3082 turns).

Demosthentine the Poker (Merfolk Gladiator)         Turns: 3082, Time: 00:02:11

Health: -1/35      AC:  5    Str: 15    XL:     4   Next: 72%
Magic:  4/4        EV: 13    Int:  7    God:
Gold:   113        SH:  0    Dex: 15    Spells: 3/3 levels left

rFire    . . .     SeeInvis .   a - +0 trident (flame)
rCold    . . .     Faith    .   (no shield)
rNeg     . . .     Spirit   .   b - +0 leather armour
rPois    .         Reflect  .   c - +0 helmet
rElec    .         Harm     .   (no cloak)
rCorr    .         Rampage  .   (no gloves)
Will     .....                  l - +0 pair of boots
Stlth    +.........             (no amulet)
HPRegen  0.11/turn              (no ring)
MPRegen  0.09/turn              (no ring)

@: flying
A: (nimble swimmer 2), mertail
a: no special abilities


You were on level 3 of the Dungeon.
You visited 1 branch of the dungeon, and saw 3 of its levels.

You collected 127 gold pieces.
You spent 14 gold pieces at shops.

Inventory:

Hand Weapons
 a - a +0 trident of flaming (weapon)
Missiles
 d - 3 throwing nets (quivered)
Armour
 b - a +0 leather armour (worn)
 c - a +0 helmet (worn)
 l - a +0 pair of boots (worn)
Wands
 i - a wand of acid (8)
Scrolls
 f - a scroll of holy word
 p - 2 scrolls of teleportation
 q - a scroll of enchant armour {unknown}
 r - a scroll of identify {unknown}
Potions
 e - a potion of flight
 g - a potion of curing
 h - a potion of attraction {unknown}
 j - a potion of heal wounds {unknown}
 k - a potion of mutation {unknown}
 m - a potion of invisibility {unknown}
 n - a potion of haste {unknown}
 o - a potion of cancellation {unknown}


   Skills:
 + Level 3.2 Fighting
 + Level 5.4 Polearms
 - Level 2.0 Throwing
 + Level 1.3 Armour
 + Level 4.9 Dodging


You had 3 spell levels left.
You didn't know any spells.
Your spell library was empty.

Dungeon Overview and Level Annotations

Branches:
Dungeon (3/15)

Altars:

Shops:
D:1 (   D:2 !*?

Annotations:
D:3 Grinder


Innate Abilities, Weirdness & Mutations

((You are quick and stealthy near water. (Stealth+, EV+, Speed+++)))
Your lower body shifts to a powerful aquatic tail in water.


Message History

Grinder is moderately wounded.
Grinder gestures at you. You resist with significant effort.
You hit Grinder. You burn Grinder.
Grinder is heavily wounded.
Grinder hits you!
You writhe in agony.
You closely miss Grinder.
Grinder is heavily wounded.
Grinder hits you but does no damage.
You hit Grinder. You burn Grinder.
Grinder is severely wounded.
Grinder hits you.
You writhe in agony.
You are too injured to fight recklessly!
You are too injured to fight recklessly!
Unknown command.
It was a potion of flight.
You feel very buoyant.
You fly up into the air.
Grinder gestures at you. Pain shoots through your body!
* * * LOW HITPOINT WARNING * * *
Unknown command.
It was a potion of curing.
You feel better. Grinder hits you but does no damage.
Unknown command.
You puncture Grinder! You burn Grinder.
Grinder is almost dead.
Grinder gestures at you. You resist with significant effort.
You closely miss Grinder.
Grinder is almost dead.
Grinder gestures at you. Pain shoots through your body!
* * * LOW HITPOINT WARNING * * *
You barely miss Grinder.
Grinder is almost dead.
Grinder hits you.
* * * LOW HITPOINT WARNING * * *
You writhe in agony.
You die...

#.##############.#.#
#........#######.#.###
########.#.......#.#..
#...............#.#..
###..####.#.#####.#.#..
..........#.# #.#)#..
#.##.#......# ###......
#.......#.#####...###..
####.#@##....†.........
.. #5########...###.#
## #.# #...# #.# #.#
#...# #.# #.# #...# #.#
#.# #..)# .# #.# #...#
#.# ...#


You could see Grinder.

Vanquished Creatures
  3 adders
  An orc (D:3)
  A ball python (D:3)
  5 endoplasms
  7 giant cockroaches
  5 goblins
  3 hobgoblins
  8 jackals
  4 kobolds
  3 quokkas
  11 bats
  7 frilled lizards
  6 rats
64 creatures vanquished.

Notes
Turn   | Place    | Note
-------+----------+-------------------------------------------
     0 | D:1      | Demosthentine the Merfolk Gladiator began the quest for the
                  | Orb.
     0 | D:1      | Reached XP level 1. HP: 16/16 MP: 1/1
    67 | D:1      | Reached XP level 2. HP: 23/23 MP: 2/2
   535 | D:1      | Reached XP level 3. HP: 21/28 MP: 3/3
   851 | D:1      | Found Gedd's Weapon Emporium.
  1511 | D:2      | Reached skill level 5 in Polearms
  1673 | D:2      | Reached skill level 1 in Armour
  1702 | D:2      | Found Puamuus's Assorted Antiques.
  1708 | D:2      | Found Izxuki Epix's Distillery.
  1724 | D:2      | Found a faded altar of an unknown god.
  1802 | D:2      | Bought a potion of degeneration for 14 gold pieces
  1877 | D:2      | Reached XP level 4. HP: 32/35 MP: 4/4
  1929 | D:2      | Found Ilosu's Magic Scroll Shop.
  3070 | D:3      | Noticed Grinder
  3082 | D:3      | Slain by Grinder

Illustrated notes

Levels and vault maps discovered:
D:1:      dpeg_arrival_chambers_temple_mockup, layout_basic,
          serial_co_window_serial, co_window_of_opportunity_a,
          co_window_paths_b, co_window_of_opportunity_a, co_window_paths_b,
          co_window_paths_b, co_window_corner_ca, co_window_unsneaky_path_c,
          co_window_broadway_b, co_window_paths_d, co_window_paths_e,
          glass_columns_b, glass_columns_a, glass_columns_a, glass_columns_a,
          glass_columns_a, serial_shops, shop, minmay_worlds_worst_comb
D:2:      layout_basic, hellmonk_ecumenical_altar_crossroads, serial_shops,
          nicolae_shop_waterfront, shop, shop
D:3:      layout_basic, uniq_grinder

Skill      XL: |  1  2  3 |
---------------+----------+-----
Polearms       | 5 |  5.4
Armour         | 1 |  1.3
Fighting       | 3 |  3.2
Throwing       | |  2.0
Dodging        | |  4.9

Action                   |  1- 3 |  4- 6 || total
-------------------------+-------+-------++-------
Melee: Trident           |   130 |    63 ||   193
  Use: Scroll            |     5 |     1 ||     6
       Potion            |       |     2 ||     2
 Stab: Sleeping          |     1 |     2 ||     3
       Distracted        |     1 |       ||     1
Armor: Leather armour    |    31 |    18 ||    49
Dodge: Dodged            |    80 |    32 ||   112

Table legend: (Time is in decaauts)
 A = Elapsed time spent in this place.
 B = Non-inter-level travel time spent in this place.
 C = Inter-level travel time spent in this place.
 D = Time resting spent in this place.
 E = Time spent auto-exploring this place.
 F = Levels seen in this place.
 G = Mean time per level.
                   A        B        C        D        E       F      G
               +--------+--------+--------+--------+--------+-----+--------+
         Total |   3086 |   3072 |     14 |      0 |   2681 |   3 | 1028.7 |
       Dungeon |   3086 |   3072 |     14 |      0 |   2681 |   3 | 1028.7 |
               +--------+--------+--------+--------+--------+-----+--------+

Top non-repeatable levels by time:
     D:1: 1375 daAuts
     D:2: 1049 daAuts
     D:3: 661 daAuts
